Reign vs Admirals
Created - January 21, 2022 at 19:56
Goals
|
| Reign |
1 |
4 |
4 |
9 |
| Admirals |
1 |
1 |
0 |
2 |
|
Shots
|
| Reign |
6 |
12 |
13 |
31 |
| Admirals |
11 |
5 |
17 |
33 |
|
1st period
1. Reign , Kyle Connor 10 (Christopher Tanev 3) at 5:06
2. Admirals , Blake Geoffrion 8 (Kasper Bjorkqvist 3, Lucas Wallmark 6) at 12:54
Penalties :
Phillip Danault (Ont) for High sticking (Minor) at 7:10, Markus Granlund (Mil) for Interference (Minor) at 13:30
2nd period
3. Reign , Phillip Danault 4 (Alex Iafallo 10) at 0:28
4. Reign , Jordan Kyrou 7 (Sergey Kalinin 4) at 12:43
5. Reign , Roope Hintz 9 (Markus Nutivaara 14, Matt Roy 3) at 16:56 (PP)
6. Admirals , Hunter Shinkaruk 7 (Anton Gustafsson 14) at 17:35
7. Reign , Mike Amadio 6 (Jordan Kyrou 10, Matthew Tkachuk 7) at 18:32 (PP)
Penalties :
Joel Armia (Mil) for Boarding (Major) at 1:26, Olli Juolevi (Mil) for Hooking (Minor) at 16:41, Travis Dermott (Mil) for Tripping (Minor) at 17:40
3rd period
8. Reign , Mike Amadio 7 (Phillip Danault 3) at 5:24 (SH)
9. Reign , Phillip Danault 5 (Mike Amadio 5, Alex Iafallo 11) at 12:03
10. Reign , Matthew Tkachuk 5 (Rourke Chartier 9, Kale Clague 2) at 15:31
11. Reign , Phillip Danault 6 (Alex Iafallo 12) at 16:50
Penalties :
Logan Stanley (Ont) for Hooking (Minor) at 5:06
Goalie Stats
Carter Hart (Ont), 31 saves from 33 shots - (0.939), W, 7-6-0, 60:00 minutes
Felix Sanstrom (Mil), 12 saves from 17 shots - (0.706), L, 3-3-1, 38:32 minutes
Tristan Jarry (Mil), 10 saves from 14 shots - (0.714), 21:28 minutes
Players Stats for Reign
Player Name G A P +/- PIM S H SB GA TA FO MP PP MP PK MP
------------------------------------------------------------------------------------
Alex Iafallo 0 3 3 2 0 2 1 0 0 0 12/30 16:34 0:24 1:21
Charlie McAvoy 0 0 0 1 0 1 0 2 0 0 0/0 14:48 3:01 0:00
Christopher Tanev 0 1 1 3 0 1 0 1 1 0 0/0 17:07 0:00 2:27
Joachim Blichfeld 0 0 0 0 0 1 0 1 0 0 0/0 10:14 0:59 0:00
Joel Eriksson Ek 0 0 0 0 0 1 0 0 0 0 0/1 11:08 0:24 1:23
Jordan Kyrou 1 1 2 0 0 1 1 1 0 0 0/0 17:31 2:56 0:00
Jordan Schmaltz 0 0 0 0 0 2 1 1 1 0 0/0 17:34 3:01 2:00
Josh Anderson 0 0 0 0 0 1 0 0 0 0 0/0 10:27 0:58 0:00
Kale Clague 0 1 1 2 0 0 0 0 0 0 0/0 8:52 0:00 0:00
Kyle Connor 1 0 1 2 0 1 0 0 0 0 0/0 12:56 2:51 0:49
Logan Stanley 0 0 0 2 2 0 2 0 0 1 0/0 10:15 0:53 0:00
Markus Nutivaara 0 1 1 -1 0 1 1 0 0 0 0/0 17:43 4:11 1:21
Matt Roy 0 1 1 2 0 0 1 0 0 1 0/0 19:06 4:11 0:37
Matthew Tkachuk 1 1 2 2 0 2 1 0 0 0 0/0 13:15 3:50 0:00
Mike Amadio 2 1 3 3 0 4 2 0 0 2 1/5 19:51 3:00 2:22
Nikita Tryamkin 0 0 0 1 0 0 0 0 0 0 0/0 14:38 0:53 1:31
Phillip Danault 3 1 4 3 2 5 0 0 0 1 0/0 16:49 0:59 1:13
Roope Hintz 1 0 1 0 0 2 3 1 1 0 1/1 18:27 3:52 0:00
Rourke Chartier 0 1 1 2 0 2 0 0 0 0 5/11 13:29 4:02 0:13
Sergey Kalinin 0 1 1 0 0 4 1 0 1 0 7/13 15:16 0:00 0:35
Players Stats for Admirals
Player Name G A P +/- PIM S H SB GA TA FO MP PP MP PK MP
------------------------------------------------------------------------------------
Andreas Englund 0 0 0 -2 0 3 2 1 0 1 0/0 20:07 1:45 4:22
Anton Gustafsson 0 1 1 -3 0 2 2 0 0 0 7/11 15:25 1:46 1:04
Blake Geoffrion 1 0 1 1 0 4 1 0 1 0 0/0 12:56 0:00 2:03
Carl Dahlstrom 0 0 0 0 0 1 0 1 0 0 0/0 11:34 0:00 3:01
Chris Lawrence 0 0 0 -1 0 0 2 0 0 0 1/1 9:26 0:00 1:59
Christian Djoos 0 0 0 -1 0 0 0 0 0 0 0/0 6:21 0:00 0:42
Freddie Hamilton 0 0 0 -1 0 0 0 0 0 1 1/3 7:43 0:00 0:11
Hunter Shinkaruk 1 0 1 -3 0 1 1 0 0 0 0/0 14:32 1:46 0:11
Joel Armia 0 0 0 -2 5 1 3 1 0 0 2/2 19:04 2:12 0:00
Kasper Bjorkqvist 0 1 1 1 0 1 1 0 0 0 0/0 10:58 0:00 0:00
Lucas Wallmark 0 1 1 1 0 0 0 1 0 0 2/4 10:58 0:00 0:00
Mark McNeill 0 0 0 -3 0 2 4 1 0 0 1/2 16:23 1:46 1:52
Markus Granlund 0 0 0 -2 2 7 0 0 0 0 19/33 22:07 2:12 2:59
Mattias Backman 0 0 0 -2 0 2 3 2 0 0 0/0 19:32 1:45 3:01
Nicolas Deslauriers 0 0 0 -1 0 0 1 1 0 0 0/0 9:23 0:00 1:52
Nicolas Kerdiles 0 0 0 -2 0 5 2 2 1 0 2/5 22:58 2:12 3:59
Olli Juolevi 0 0 0 -1 2 0 0 0 0 0 0/0 5:38 0:00 0:00
T.J Brodie 0 0 0 -2 0 2 0 1 3 1 0/0 26:20 2:13 4:22
Travis Dermott 0 0 0 -2 2 2 0 1 0 1 0/0 21:57 2:13 0:00
Trevor Van Riemsdyk 0 0 0 0 0 0 1 0 0 0 0/0 8:29 0:00 0:42
3 Stars
1 - Phillip Danault (Ont)
2 - Mike Amadio (Ont)
3 - Alex Iafallo (Ont)
Power Play
Reign - 2 on 4 Attempt(s) - 50.00%
Admirals - 0 on 2 Attempt(s) - 0.00%
Penalty Kill
Reign - 2 on 2 Attempt(s) - 100.00%
- Score 1 goal in Penalty Kill
Admirals - 2 on 4 Attempt(s) - 50.00%
- Score 0 goal in Penalty Kill
Team Stat
Reign - Hits : 14 - Faceoff Wins : 26 - Blocked Shots : 7 - Penalty Minutes : 4
Admirals - Hits : 23 - Faceoff Wins : 35 - Blocked Shots : 12 - Penalty Minutes : 11
Official
Referees : Michael Markovic and Beaudry Halkidis
Linesman : Ryan Daisy and Jonny Murray
Game Notes
Tristan Jarry enters game at 18:32 of 2nd period
Phillip Danault has scored a Hat Trick!
Finance
Level 1 -- Attendance: 1993 (99.65%) -- Ticket Income $69,755
Level 2 -- Attendance: 896 (89.60%) -- Ticket Income $13,440
Total Attendance: 2889 (96.30%)
Total Ticket Income: $83,195
Other Income: $4,160
Total Income: $87,355
Reign
5 vs 5 Forward
Center Left Wing Right Wing Time % Phy DF OF
1 Alex Iafallo Phillip Danault Mike Amadio 30 0 3 2
2 Sergey Kalinin Roope Hintz Jordan Kyrou 30 0 3 2
3 Rourke Chartier Kyle Connor Matthew Tkachuk 20 0 3 2
4 Joel Eriksson Ek Joachim Blichfeld Josh Anderson 20 0 3 2
5 vs 5 Defense
Defense Defense Time % Phy DF OF
1 Christopher Tanev Matt Roy 30 0 3 2
2 Jordan Schmaltz Markus Nutivaara 25 0 3 2
3 Charlie McAvoy Nikita Tryamkin 25 1 3 1
4 Logan Stanley Kale Clague 20 1 3 1
PowerPlay Forward
Center Left Wing Right Wing Time % Phy DF OF
1 Rourke Chartier Roope Hintz Matthew Tkachuk 60 0 2 3
2 Mike Amadio Kyle Connor Jordan Kyrou 40 0 2 3
PowerPlay Defense
Defense Defense Time % Phy DF OF
1 Matt Roy Markus Nutivaara 60 1 2 2
2 Charlie McAvoy Jordan Schmaltz 40 1 2 2
Penalty Kill 4 Players Forward
Center Wing Time % Phy DF OF
1 Mike Amadio Phillip Danault 60 1 3 1
2 Joel Eriksson Ek Sergey Kalinin 40 1 3 1
Penalty Kill 4 Players Defense
Defense Defense Time % Phy DF OF
1 Christopher Tanev Jordan Schmaltz 60 1 4 0
2 Nikita Tryamkin Markus Nutivaara 40 1 4 0
Penalty Kill - 3 Players Forward
Forward Time % Phy DF OF
1 Mike Amadio 60 2 3 0
2 Joel Eriksson Ek 40 2 3 0
Penalty Kill - 3 Players Defense
Defense Defense Time % Phy DF OF
1 Christopher Tanev Jordan Schmaltz 60 1 4 0
2 Nikita Tryamkin Markus Nutivaara 40 1 4 0
4 vs 4 Forward
Center Wing Time % Phy DF OF
1 Alex Iafallo Kyle Connor 60 1 2 2
2 Phillip Danault Mike Amadio 40 1 2 2
4 vs 4 Defense
Defense Defense Time % Phy DF OF
1 Christopher Tanev Matt Roy 60 1 2 2
2 Jordan Schmaltz Markus Nutivaara 40 1 2 2
Last Minutes Offensive
Center Left Wing Right Wing Defense Defense
Alex Iafallo Kyle Connor Jordan Kyrou Christopher Tanev Jordan Schmaltz
Last Minutes Defensive
Center Left Wing Right Wing Defense Defense
Sergey Kalinin Alex Iafallo Mike Amadio Christopher Tanev Jordan Schmaltz
Goaltenders
Starting : Carter Hart
Backup : Garret Sparks
Extra Forwards
Normal : Mike Amadio, Matthew Tkachuk, Jordan Kyrou - PP : Joachim Blichfeld, Phillip Danault - PK : Phillip Danault
Extra Defensemen
Normal : Charlie McAvoy, Kale Clague, Logan Stanley - PP : Charlie McAvoy - PK : Matt Roy, Logan Stanley
Penalty Shots
Rourke Chartier, Jordan Kyrou, Kyle Connor, Phillip Danault, Joachim Blichfeld
Scratches
Blake Lizotte (Healthy), Bokondji Imama (Healthy), Dmitri Orlov (Healthy), Erik Christensen (Healthy), Jacob Josefson (Healthy)
Joel Vermin (Healthy), Michael Ferland (Healthy), Thomas Chabot (Healthy), Dan Renouf (Healthy), Austin Czarnik (Healthy)
Cal Petersen (Healthy), Jordan Binnington (Healthy)
Admirals
5 vs 5 Forward
Center Left Wing Right Wing Time % Phy DF OF
1 Markus Granlund Nicolas Kerdiles Joel Armia 40 1 2 2
2 Anton Gustafsson Hunter Shinkaruk Mark McNeill 30 1 2 2
3 Lucas Wallmark Blake Geoffrion Kasper Bjorkqvist 20 1 2 2
4 Freddie Hamilton Nicolas Deslauriers Chris Lawrence 10 1 2 2
5 vs 5 Defense
Defense Defense Time % Phy DF OF
1 T.J Brodie Travis Dermott 40 1 2 2
2 Andreas Englund Mattias Backman 30 1 2 2
3 Carl Dahlstrom Trevor Van Riemsdyk 17 1 2 2
4 Christian Djoos Olli Juolevi 13 1 2 2
PowerPlay Forward
Center Left Wing Right Wing Time % Phy DF OF
1 Markus Granlund Nicolas Kerdiles Joel Armia 60 1 1 3
2 Anton Gustafsson Hunter Shinkaruk Mark McNeill 40 1 1 3
PowerPlay Defense
Defense Defense Time % Phy DF OF
1 T.J Brodie Travis Dermott 60 1 1 3
2 Andreas Englund Mattias Backman 40 1 2 2
Penalty Kill 4 Players Forward
Center Wing Time % Phy DF OF
1 Markus Granlund Nicolas Kerdiles 60 1 2 2
2 Mark McNeill Nicolas Deslauriers 40 1 2 2
Penalty Kill 4 Players Defense
Defense Defense Time % Phy DF OF
1 Andreas Englund T.J Brodie 60 1 3 1
2 Carl Dahlstrom Mattias Backman 40 1 3 1
Penalty Kill - 3 Players Forward
Forward Time % Phy DF OF
1 Mark McNeill 60 1 2 2
2 Nicolas Deslauriers 40 1 2 2
Penalty Kill - 3 Players Defense
Defense Defense Time % Phy DF OF
1 Andreas Englund T.J Brodie 60 1 3 1
2 Carl Dahlstrom Mattias Backman 40 1 3 1
4 vs 4 Forward
Center Wing Time % Phy DF OF
1 Markus Granlund Nicolas Kerdiles 60 1 2 2
2 Anton Gustafsson Joel Armia 40 1 2 2
4 vs 4 Defense
Defense Defense Time % Phy DF OF
1 T.J Brodie Travis Dermott 60 1 2 2
2 Andreas Englund Mattias Backman 40 1 2 2
Last Minutes Offensive
Center Left Wing Right Wing Defense Defense
Markus Granlund Nicolas Kerdiles Joel Armia T.J Brodie Travis Dermott
Last Minutes Defensive
Center Left Wing Right Wing Defense Defense
Lucas Wallmark Nicolas Kerdiles Mark McNeill Andreas Englund T.J Brodie
Goaltenders
Starting : Felix Sanstrom
Backup : Tristan Jarry
Extra Forwards
Normal : Chris Lawrence, Nicolas Deslauriers, Freddie Hamilton - PP : Chris Lawrence, Nicolas Deslauriers - PK : Chris Lawrence
Extra Defensemen
Normal : Mattias Backman, Christian Djoos, Trevor Van Riemsdyk - PP : Mattias Backman - PK : Mattias Backman, Trevor Van Riemsdyk
Penalty Shots
Anton Gustafsson, Nicolas Kerdiles, Blake Geoffrion, Nicolas Deslauriers, Mark McNeill
Scratches
Adam Almquist (Healthy), Alexandre Mallet (Healthy), Brett Connolly (Healthy), Filip Chlapik (Healthy), Josh Wesley (Healthy)
Mark MacMillan (Healthy), Riley Barber (Healthy), Ryan Olsen (Healthy), Sergei Zborovskiy (Healthy), Stanislav Galiev (Healthy)
Troy Bourke (Healthy), Carsen Twarynski (Healthy), Libor Hajek (Healthy), Linus Ullmark (Healthy)
% Time on Ice - Reign
Lines # - Real PCT - Wanted PCT - Time Play
Normal Forward
1 - 31% - 30% - 14:45
2 - 31% - 30% - 14:48
3 - 19% - 20% - 9:09
4 - 19% - 20% - 9:15
Normal Defense
1 - 32% - 30% - 15:07
2 - 25% - 25% - 12:11
3 - 25% - 25% - 11:47
4 - 18% - 20% - 8:52
PP Forward
1 - 62% - 60% - 4:59
2 - 38% - 40% - 3:06
PP Defense
1 - 63% - 60% - 5:04
2 - 37% - 40% - 3:01
PK Forward
1 - 85% - 60% - 3:23
2 - 15% - 40% - 0:35
PK Defense
1 - 62% - 60% - 2:27
2 - 38% - 40% - 1:31
PK3 Forward
1 - 0% - 60%
2 - 0% - 40%
PK3 Defense
1 - 0% - 60%
2 - 0% - 40%
44 Forward
1 - 0% - 60%
2 - 0% - 40%
44 Defense
1 - 0% - 60%
2 - 0% - 40%
Last Minute Offensive - 0:00
Last Minute Defensive - 0:00
Total
Forward - 60:00
Defense - 60:00
|
% Time on Ice - Admirals
Lines # - Real PCT - Wanted PCT - Time Play
Normal Forward
1 - 35% - 40% - 16:53
2 - 27% - 30% - 12:45
3 - 23% - 20% - 10:58
4 - 15% - 10% - 7:21
Normal Defense
1 - 41% - 40% - 19:45
2 - 31% - 30% - 14:46
3 - 16% - 17% - 7:47
4 - 12% - 13% - 5:39
PP Forward
1 - 55% - 60% - 2:12
2 - 45% - 40% - 1:46
PP Defense
1 - 56% - 60% - 2:13
2 - 44% - 40% - 1:45
PK Forward
1 - 77% - 60% - 6:13
2 - 23% - 40% - 1:52
PK Defense
1 - 63% - 60% - 5:04
2 - 37% - 40% - 3:01
PK3 Forward
1 - 0% - 60%
2 - 0% - 40%
PK3 Defense
1 - 0% - 60%
2 - 0% - 40%
44 Forward
1 - 0% - 60%
2 - 0% - 40%
44 Defense
1 - 0% - 60%
2 - 0% - 40%
Last Minute Offensive - 0:00
Last Minute Defensive - 0:00
Total
Forward - 60:00
Defense - 60:00
|
Play-by-Play
1st period
0:01 of 1st period - Markus Granlund wins face-off versus Alex Iafallo in neutral zone.
0:06 of 1st period - Wrist shot by Nicolas Kerdiles.
0:06 of 1st period - Shot Misses the Net.
0:16 of 1st period - Wrist shot by Markus Granlund.
0:16 of 1st period - Stopped by Carter Hart without a rebound.
0:17 of 1st period - Anton Gustafsson wins face-off versus Sergey Kalinin in Reign zone.
1:52 of 1st period - Slapshot by Joachim Blichfeld.
1:52 of 1st period - Shot Blocked by T.J Brodie.
1:59 of 1st period - Icing by Travis Dermott.
2:00 of 1st period - Anton Gustafsson wins face-off versus Alex Iafallo in Admirals zone.
4:01 of 1st period - Wrist shot by Blake Geoffrion.
4:01 of 1st period - Stopped by Carter Hart with a rebound.
5:06 of 1st period - Wrist shot by Kyle Connor.
5:06 of 1st period - Goal by Kyle Connor - Reign : 1 - Admirals : 0.
5:07 of 1st period - Sergey Kalinin wins face-off versus Nicolas Kerdiles in neutral zone.
5:10 of 1st period - Markus Granlund is hit by Sergey Kalinin and loses puck.
5:19 of 1st period - Snap shot by Nicolas Kerdiles.
5:19 of 1st period - Shot Misses the Net.
5:40 of 1st period - Christopher Tanev is hit by Kasper Bjorkqvist and loses puck.
6:03 of 1st period - Snap shot by Rourke Chartier.
6:03 of 1st period - Shot Blocked by Mark McNeill.
6:58 of 1st period - Snap shot by Alex Iafallo.
6:58 of 1st period - Stopped by Felix Sanstrom with a rebound.
7:10 of 1st period - Minor Penalty to Phillip Danault for High sticking.
7:11 of 1st period - Markus Granlund wins face-off versus Mike Amadio in Reign zone.
7:20 of 1st period - Backhand shot by Nicolas Kerdiles.
7:20 of 1st period - Deflect By Markus Granlund.
7:20 of 1st period - Stopped by Carter Hart with a rebound.
7:26 of 1st period - T.J Brodie is hit by Jordan Schmaltz and loses puck.
7:37 of 1st period - Markus Nutivaara is hit by Mark McNeill and loses puck.
8:54 of 1st period - Christopher Tanev is hit by Anton Gustafsson and loses puck.
9:10 of 1st period - Penalty to Phillip Danault is over, Phillip Danault is back on ice.
9:17 of 1st period - Sergey Kalinin is hit by Andreas Englund and loses puck.
10:25 of 1st period - Lucas Wallmark is hit by Logan Stanley and loses puck.
10:44 of 1st period - Hunter Shinkaruk is hit by Roope Hintz.
11:12 of 1st period - Matthew Tkachuk is hit by Nicolas Kerdiles and loses puck.
11:25 of 1st period - Slapshot by Blake Geoffrion.
11:25 of 1st period - Stopped by Carter Hart with a rebound.
11:40 of 1st period - Wrist shot by Sergey Kalinin.
11:40 of 1st period - Stopped by Felix Sanstrom without a rebound.
11:41 of 1st period - Anton Gustafsson wins face-off versus Sergey Kalinin in Admirals zone.
12:06 of 1st period - Alex Iafallo is hit by Joel Armia and loses puck.
12:11 of 1st period - Wrist shot by Nicolas Kerdiles.
12:11 of 1st period - Shot Misses the Net.
12:29 of 1st period - Snap shot by Markus Granlund.
12:29 of 1st period - Stopped by Carter Hart with a rebound.
12:50 of 1st period - Snap shot by Blake Geoffrion.
12:50 of 1st period - Stopped by Carter Hart without a rebound.
12:51 of 1st period - Lucas Wallmark wins face-off versus Alex Iafallo in Reign zone.
12:54 of 1st period - Snap shot by Blake Geoffrion.
12:54 of 1st period - Goal by Blake Geoffrion - Reign : 1 - Admirals : 1.
12:55 of 1st period - Markus Granlund wins face-off versus Mike Amadio in neutral zone.
13:08 of 1st period - Icing by Logan Stanley.
13:09 of 1st period - Markus Granlund wins face-off versus Alex Iafallo in Reign zone.
13:12 of 1st period - Wrist shot by Markus Granlund.
13:12 of 1st period - Deflect By Phillip Danault.
13:12 of 1st period - Stopped by Carter Hart without a rebound.
13:13 of 1st period - Markus Granlund wins face-off versus Alex Iafallo in Reign zone.
13:16 of 1st period - Slapshot by Markus Granlund.
13:16 of 1st period - Stopped by Carter Hart with a rebound.
13:18 of 1st period - Wrist shot by Nicolas Kerdiles.
13:18 of 1st period - Stopped by Carter Hart without a rebound.
13:19 of 1st period - Alex Iafallo wins face-off versus Markus Granlund in Reign zone.
13:28 of 1st period - Wrist shot by Phillip Danault.
13:28 of 1st period - Stopped by Felix Sanstrom with a rebound.
13:30 of 1st period - Minor Penalty to Markus Granlund for Interference.
13:31 of 1st period - Chris Lawrence wins face-off versus Rourke Chartier in Admirals zone.
13:42 of 1st period - Nicolas Kerdiles is hit by Matthew Tkachuk and loses puck.
13:57 of 1st period - Nicolas Kerdiles is hit by Matt Roy and loses puck.
15:30 of 1st period - Penalty to Markus Granlund is over, Markus Granlund is back on ice.
17:26 of 1st period - Slapshot by Chris Lawrence.
17:26 of 1st period - Shot Blocked by Jordan Kyrou.
17:28 of 1st period - Wrist shot by Nicolas Deslauriers.
17:28 of 1st period - Shot Misses the Net.
17:58 of 1st period - Matthew Tkachuk is hit by Blake Geoffrion and loses puck.
18:13 of 1st period - Rourke Chartier is hit by Joel Armia and loses puck.
18:37 of 1st period - Snap shot by Rourke Chartier.
18:37 of 1st period - Shot Blocked by Mattias Backman.
18:39 of 1st period - Wrist shot by Matthew Tkachuk.
18:39 of 1st period - Deflect By Rourke Chartier.
18:39 of 1st period - Stopped by Felix Sanstrom without a rebound.
18:40 of 1st period - Anton Gustafsson wins face-off versus Alex Iafallo in Admirals zone.
19:32 of 1st period - Wrist shot by Joachim Blichfeld.
19:32 of 1st period - Stopped by Felix Sanstrom with a rebound.
19:34 of 1st period - Slapshot by Nikita Tryamkin.
19:34 of 1st period - Shot Blocked by Carl Dahlstrom.
19:36 of 1st period - Snap shot by Charlie McAvoy.
19:36 of 1st period - Shot Misses the Net.
19:53 of 1st period - Wrist shot by Nicolas Kerdiles.
19:53 of 1st period - Shot Misses the Net.
19:55 of 1st period - Wrist shot by Carl Dahlstrom.
19:55 of 1st period - Stopped by Carter Hart without a rebound.
19:56 of 1st period - Anton Gustafsson wins face-off versus Sergey Kalinin in Reign zone.
Goals for this period are 1 for Reign vs 1 for Admirals.
Shots for this period are 6 for Reign vs 11 for Admirals.
2nd period
0:01 of 2nd period - Sergey Kalinin wins face-off versus Markus Granlund in neutral zone.
0:10 of 2nd period - Wrist shot by Nicolas Kerdiles.
0:10 of 2nd period - Shot Blocked by Roope Hintz.
0:12 of 2nd period - Wrist shot by Joel Armia.
0:12 of 2nd period - Stopped by Carter Hart without a rebound.
0:13 of 2nd period - Sergey Kalinin wins face-off versus Markus Granlund in Reign zone.
0:20 of 2nd period - Snap shot by Sergey Kalinin.
0:20 of 2nd period - Stopped by Felix Sanstrom with a rebound.
0:22 of 2nd period - Backhand shot by Markus Nutivaara.
0:22 of 2nd period - Shot Blocked by Nicolas Kerdiles.
0:24 of 2nd period - Slapshot by Jordan Schmaltz.
0:24 of 2nd period - Stopped by Felix Sanstrom without a rebound.
0:25 of 2nd period - Alex Iafallo wins face-off versus Markus Granlund in Admirals zone.
0:28 of 2nd period - Snap shot by Alex Iafallo.
0:28 of 2nd period - Deflect By Phillip Danault.
0:28 of 2nd period - Goal by Phillip Danault - Reign : 2 - Admirals : 1.
0:29 of 2nd period - Markus Granlund wins face-off versus Sergey Kalinin in neutral zone.
1:03 of 2nd period - Slapshot by Roope Hintz.
1:03 of 2nd period - Stopped by Felix Sanstrom without a rebound.
1:04 of 2nd period - Markus Granlund wins face-off versus Alex Iafallo in Admirals zone.
1:04 of 2nd period - Markus Granlund is hit by Alex Iafallo.
1:26 of 2nd period - Major Penalty to Joel Armia for Boarding.
1:27 of 2nd period - Nicolas Kerdiles wins face-off versus Rourke Chartier in Admirals zone.
1:50 of 2nd period - Andreas Englund is hit by Mike Amadio.
1:58 of 2nd period - Wrist shot by Jordan Kyrou.
1:58 of 2nd period - Deflect By Kyle Connor.
1:58 of 2nd period - Shot Misses the Net.
1:58 of 2nd period - Puck is out of play.
1:59 of 2nd period - Rourke Chartier wins face-off versus Mark McNeill in Admirals zone.
2:12 of 2nd period - Snap shot by Rourke Chartier.
2:12 of 2nd period - Shot Misses the Net.
2:14 of 2nd period - Slapshot by Jordan Schmaltz.
2:14 of 2nd period - Stopped by Felix Sanstrom with a rebound.
4:10 of 2nd period - Phillip Danault is hit by Chris Lawrence and loses puck.
6:26 of 2nd period - Penalty to Joel Armia is over, Joel Armia is back on ice.
7:40 of 2nd period - Sergey Kalinin is hit by Nicolas Kerdiles and loses puck.
8:05 of 2nd period - Snap shot by Mattias Backman.
8:05 of 2nd period - Shot Misses the Net.
10:23 of 2nd period - Joel Armia is hit by Mike Amadio and loses puck.
10:35 of 2nd period - Off-side.
10:36 of 2nd period - Rourke Chartier wins face-off versus Freddie Hamilton in neutral zone.
11:01 of 2nd period - Phillip Danault is hit by Trevor Van Riemsdyk and loses puck.
11:29 of 2nd period - Slapshot by Sergey Kalinin.
11:29 of 2nd period - Stopped by Felix Sanstrom with a rebound.
12:09 of 2nd period - Slapshot by Nicolas Deslauriers.
12:09 of 2nd period - Deflect By Freddie Hamilton.
12:09 of 2nd period - Shot Misses the Net.
12:09 of 2nd period - Puck is out of play.
12:10 of 2nd period - Markus Granlund wins face-off versus Alex Iafallo in Reign zone.
12:25 of 2nd period - Snap shot by Markus Granlund.
12:25 of 2nd period - Stopped by Carter Hart with a rebound.
12:35 of 2nd period - Anton Gustafsson is hit by Roope Hintz and loses puck.
12:43 of 2nd period - Wrist shot by Jordan Kyrou.
12:43 of 2nd period - Goal by Jordan Kyrou - Reign : 3 - Admirals : 1.
12:44 of 2nd period - Sergey Kalinin wins face-off versus Markus Granlund in neutral zone.
12:46 of 2nd period - Markus Nutivaara is hit by Joel Armia and loses puck.
13:20 of 2nd period - Snap shot by Alex Iafallo.
13:20 of 2nd period - Shot Blocked by Mattias Backman.
13:22 of 2nd period - Snap shot by Mike Amadio.
13:22 of 2nd period - Shot Misses the Net.
13:52 of 2nd period - Charlie McAvoy is hit by Chris Lawrence and loses puck.
14:05 of 2nd period - Snap shot by Nicolas Deslauriers.
14:05 of 2nd period - Shot Blocked by Charlie McAvoy.
14:19 of 2nd period - Slapshot by T.J Brodie.
14:19 of 2nd period - Stopped by Carter Hart without a rebound.
14:20 of 2nd period - Roope Hintz wins face-off versus Markus Granlund in Reign zone.
14:29 of 2nd period - Slapshot by Roope Hintz.
14:29 of 2nd period - Deflect By Sergey Kalinin.
14:29 of 2nd period - Shot Misses the Net.
14:29 of 2nd period - Puck is out of play.
14:30 of 2nd period - Alex Iafallo wins face-off versus Nicolas Kerdiles in Admirals zone.
15:39 of 2nd period - Wrist shot by Joel Eriksson Ek.
15:39 of 2nd period - Stopped by Felix Sanstrom with a rebound.
15:59 of 2nd period - Slapshot by Chris Lawrence.
15:59 of 2nd period - Shot Blocked by Joachim Blichfeld.
16:07 of 2nd period - Mattias Backman is hit by Logan Stanley.
16:13 of 2nd period - Josh Anderson is hit by Mark McNeill and loses puck.
16:41 of 2nd period - Minor Penalty to Olli Juolevi for Hooking.
16:42 of 2nd period - Rourke Chartier wins face-off versus Nicolas Kerdiles in Admirals zone.
16:56 of 2nd period - Slapshot by Roope Hintz.
16:56 of 2nd period - Goal by Roope Hintz - Reign : 4 - Admirals : 1.
16:57 of 2nd period - Markus Granlund wins face-off versus Alex Iafallo in neutral zone.
17:04 of 2nd period - Snap shot by Markus Granlund.
17:04 of 2nd period - Shot Misses the Net.
17:22 of 2nd period - Roope Hintz is hit by Mark McNeill and loses puck.
17:33 of 2nd period - Snap shot by Anton Gustafsson.
17:33 of 2nd period - Shot Blocked by Jordan Schmaltz.
17:35 of 2nd period - Wrist shot by Hunter Shinkaruk.
17:35 of 2nd period - Goal by Hunter Shinkaruk - Reign : 4 - Admirals : 2.
17:36 of 2nd period - Alex Iafallo wins face-off versus Markus Granlund in neutral zone.
17:40 of 2nd period - Minor Penalty to Travis Dermott for Tripping.
17:41 of 2nd period - Markus Granlund wins face-off versus Rourke Chartier in Admirals zone.
17:41 of 2nd period - Markus Granlund is hit by Roope Hintz.
17:55 of 2nd period - Off-side.
17:56 of 2nd period - Rourke Chartier wins face-off versus Markus Granlund in neutral zone.
17:59 of 2nd period - Snap shot by Markus Nutivaara.
17:59 of 2nd period - Deflect By T.J Brodie.
17:59 of 2nd period - Stopped by Felix Sanstrom with a rebound.
18:32 of 2nd period - Slapshot by Mike Amadio.
18:32 of 2nd period - Goal by Mike Amadio - Reign : 5 - Admirals : 2.
18:32 of 2nd period - Tristan Jarry enters game.
18:33 of 2nd period - Alex Iafallo wins face-off versus Markus Granlund in neutral zone.
18:40 of 2nd period - Snap shot by Alex Iafallo.
18:40 of 2nd period - Stopped by Tristan Jarry without a rebound.
18:41 of 2nd period - Alex Iafallo wins face-off versus Markus Granlund in Admirals zone.
18:54 of 2nd period - Wrist shot by Markus Granlund.
18:54 of 2nd period - Shot Misses the Net.
18:56 of 2nd period - Backhand shot by T.J Brodie.
18:56 of 2nd period - Stopped by Carter Hart with a rebound.
19:55 of 2nd period - Icing by Blake Geoffrion.
19:56 of 2nd period - Alex Iafallo wins face-off versus Lucas Wallmark in Admirals zone.
Goals for this period are 4 for Reign vs 1 for Admirals.
Shots for this period are 12 for Reign vs 5 for Admirals.
3rd period
0:01 of 3rd period - Joel Armia wins face-off versus Sergey Kalinin in neutral zone.
0:28 of 3rd period - Slapshot by Travis Dermott.
0:28 of 3rd period - Stopped by Carter Hart without a rebound.
0:29 of 3rd period - Anton Gustafsson wins face-off versus Alex Iafallo in Reign zone.
0:56 of 3rd period - Snap shot by Alex Iafallo.
0:56 of 3rd period - Shot Misses the Net.
0:58 of 3rd period - Wrist shot by Charlie McAvoy.
0:58 of 3rd period - Stopped by Tristan Jarry without a rebound.
0:59 of 3rd period - Joel Armia wins face-off versus Sergey Kalinin in Admirals zone.
1:07 of 3rd period - Off-side.
1:08 of 3rd period - Sergey Kalinin wins face-off versus Markus Granlund in neutral zone.
1:11 of 3rd period - Nicolas Kerdiles is hit by Jordan Kyrou and loses puck.
1:24 of 3rd period - Slapshot by Nicolas Kerdiles.
1:24 of 3rd period - Shot Blocked by Charlie McAvoy.
1:45 of 3rd period - Slapshot by Nikita Tryamkin.
1:45 of 3rd period - Shot Blocked by Joel Armia.
2:05 of 3rd period - Slapshot by Nicolas Kerdiles.
2:05 of 3rd period - Shot Misses the Net.
2:07 of 3rd period - Slapshot by Andreas Englund.
2:07 of 3rd period - Stopped by Carter Hart with a rebound.
2:09 of 3rd period - Wrist shot by Joel Armia.
2:09 of 3rd period - Shot Misses the Net.
2:11 of 3rd period - Slapshot by Mattias Backman.
2:11 of 3rd period - Stopped by Carter Hart with a rebound.
2:13 of 3rd period - Snap shot by Andreas Englund.
2:13 of 3rd period - Stopped by Carter Hart with a rebound.
2:15 of 3rd period - Snap shot by Nicolas Kerdiles.
2:15 of 3rd period - Shot Misses the Net.
2:17 of 3rd period - Snap shot by Markus Granlund.
2:17 of 3rd period - Shot Misses the Net.
2:19 of 3rd period - Slapshot by Mattias Backman.
2:19 of 3rd period - Stopped by Carter Hart with a rebound.
2:21 of 3rd period - Slapshot by Mattias Backman.
2:21 of 3rd period - Shot Misses the Net.
2:23 of 3rd period - Slapshot by Nicolas Kerdiles.
2:23 of 3rd period - Stopped by Carter Hart without a rebound.
2:24 of 3rd period - Anton Gustafsson wins face-off versus Alex Iafallo in Reign zone.
2:38 of 3rd period - Icing by T.J Brodie.
2:39 of 3rd period - Mark McNeill wins face-off versus Rourke Chartier in Admirals zone.
2:52 of 3rd period - Snap shot by Mark McNeill.
2:52 of 3rd period - Stopped by Carter Hart with a rebound.
3:09 of 3rd period - Wrist shot by Mark McNeill.
3:09 of 3rd period - Stopped by Carter Hart with a rebound.
3:24 of 3rd period - Icing by Hunter Shinkaruk.
3:25 of 3rd period - Lucas Wallmark wins face-off versus Alex Iafallo in Admirals zone.
3:30 of 3rd period - Snap shot by Kasper Bjorkqvist.
3:30 of 3rd period - Shot Misses the Net.
3:50 of 3rd period - Wrist shot by Markus Granlund.
3:50 of 3rd period - Stopped by Carter Hart with a rebound.
3:52 of 3rd period - Wrist shot by Nicolas Kerdiles.
3:52 of 3rd period - Shot Misses the Net.
4:00 of 3rd period - Backhand shot by Nicolas Kerdiles.
4:00 of 3rd period - Stopped by Carter Hart with a rebound.
5:06 of 3rd period - Minor Penalty to Logan Stanley for Hooking.
5:07 of 3rd period - Mike Amadio wins face-off versus Markus Granlund in Reign zone.
5:24 of 3rd period - Snap shot by Mike Amadio.
5:24 of 3rd period - Goal by Mike Amadio - Reign : 6 - Admirals : 2.
5:25 of 3rd period - Markus Granlund wins face-off versus Mike Amadio in neutral zone.
5:30 of 3rd period - Snap shot by Phillip Danault.
5:30 of 3rd period - Deflect By Mike Amadio.
5:30 of 3rd period - Stopped by Tristan Jarry without a rebound.
5:31 of 3rd period - Markus Granlund wins face-off versus Mike Amadio in Admirals zone.
6:38 of 3rd period - Phillip Danault is hit by Mark McNeill and loses puck.
7:06 of 3rd period - Penalty to Logan Stanley is over, Logan Stanley is back on ice.
7:33 of 3rd period - Snap shot by Sergey Kalinin.
7:33 of 3rd period - Stopped by Tristan Jarry without a rebound.
7:34 of 3rd period - Sergey Kalinin wins face-off versus Freddie Hamilton in Admirals zone.
7:41 of 3rd period - Wrist shot by Sergey Kalinin.
7:41 of 3rd period - Shot Blocked by Nicolas Deslauriers.
8:43 of 3rd period - Joel Eriksson Ek is hit by Mattias Backman and loses puck.
8:59 of 3rd period - Josh Anderson is hit by Mattias Backman and loses puck.
9:08 of 3rd period - Slapshot by Joachim Blichfeld.
9:08 of 3rd period - Deflect By Josh Anderson.
9:08 of 3rd period - Stopped by Tristan Jarry without a rebound.
9:09 of 3rd period - Markus Granlund wins face-off versus Alex Iafallo in Admirals zone.
9:20 of 3rd period - Wrist shot by Joel Armia.
9:20 of 3rd period - Shot Hit the Post.
9:24 of 3rd period - Slapshot by Nicolas Kerdiles.
9:24 of 3rd period - Shot Blocked by Christopher Tanev.
9:40 of 3rd period - Wrist shot by Anton Gustafsson.
9:40 of 3rd period - Shot Misses the Net.
10:17 of 3rd period - Lucas Wallmark is hit by Markus Nutivaara and loses puck.
10:25 of 3rd period - Off-side.
10:26 of 3rd period - Markus Granlund wins face-off versus Alex Iafallo in neutral zone.
11:12 of 3rd period - Jordan Kyrou is hit by Andreas Englund and loses puck.
11:26 of 3rd period - Nikita Tryamkin is hit by Mattias Backman and loses puck.
11:47 of 3rd period - Wrist shot by Rourke Chartier.
11:47 of 3rd period - Shot Misses the Net.
11:49 of 3rd period - Slapshot by Matt Roy.
11:49 of 3rd period - Deflect By Matthew Tkachuk.
11:49 of 3rd period - Shot Blocked by Nicolas Kerdiles.
11:49 of 3rd period - Puck is out of play.
11:50 of 3rd period - Alex Iafallo wins face-off versus Anton Gustafsson in Admirals zone.
11:57 of 3rd period - Wrist shot by Mike Amadio.
11:57 of 3rd period - Stopped by Tristan Jarry without a rebound.
11:58 of 3rd period - Alex Iafallo wins face-off versus Anton Gustafsson in Admirals zone.
11:59 of 3rd period - Snap shot by Mike Amadio.
11:59 of 3rd period - Shot Blocked by Travis Dermott.
12:01 of 3rd period - Wrist shot by Phillip Danault.
12:01 of 3rd period - Stopped by Tristan Jarry with a rebound.
12:03 of 3rd period - Snap shot by Phillip Danault.
12:03 of 3rd period - Goal by Phillip Danault - Reign : 7 - Admirals : 2.
12:04 of 3rd period - Markus Granlund wins face-off versus Alex Iafallo in neutral zone.
12:19 of 3rd period - Slapshot by Travis Dermott.
12:19 of 3rd period - Stopped by Carter Hart without a rebound.
12:20 of 3rd period - Sergey Kalinin wins face-off versus Anton Gustafsson in Reign zone.
12:54 of 3rd period - Snap shot by Kasper Bjorkqvist.
12:54 of 3rd period - Stopped by Carter Hart with a rebound.
12:56 of 3rd period - Slapshot by Travis Dermott.
12:56 of 3rd period - Deflect By Kasper Bjorkqvist.
12:56 of 3rd period - Shot Misses the Net.
12:56 of 3rd period - Puck is out of play.
12:57 of 3rd period - Markus Granlund wins face-off versus Rourke Chartier in Reign zone.
12:58 of 3rd period - Snap shot by Nicolas Kerdiles.
12:58 of 3rd period - Stopped by Carter Hart with a rebound.
13:00 of 3rd period - Snap shot by Andreas Englund.
13:00 of 3rd period - Stopped by Carter Hart without a rebound.
13:01 of 3rd period - Markus Granlund wins face-off versus Rourke Chartier in Reign zone.
13:26 of 3rd period - Slapshot by Jordan Schmaltz.
13:26 of 3rd period - Shot Misses the Net.
13:46 of 3rd period - Wrist shot by Mike Amadio.
13:46 of 3rd period - Shot Blocked by Lucas Wallmark.
14:17 of 3rd period - Icing by Travis Dermott.
14:18 of 3rd period - Freddie Hamilton wins face-off versus Alex Iafallo in Admirals zone.
14:33 of 3rd period - Snap shot by Alex Iafallo.
14:33 of 3rd period - Shot Misses the Net.
15:29 of 3rd period - Snap shot by Rourke Chartier.
15:29 of 3rd period - Shot Blocked by Andreas Englund.
15:31 of 3rd period - Wrist shot by Matthew Tkachuk.
15:31 of 3rd period - Goal by Matthew Tkachuk - Reign : 8 - Admirals : 2.
15:32 of 3rd period - Alex Iafallo wins face-off versus Markus Granlund in neutral zone.
16:03 of 3rd period - Christopher Tanev is hit by Hunter Shinkaruk and loses puck.
16:23 of 3rd period - Slapshot by Rourke Chartier.
16:23 of 3rd period - Stopped by Tristan Jarry without a rebound.
16:24 of 3rd period - Nicolas Kerdiles wins face-off versus Alex Iafallo in Admirals zone.
16:42 of 3rd period - Icing by Charlie McAvoy.
16:43 of 3rd period - Alex Iafallo wins face-off versus Anton Gustafsson in Reign zone.
16:50 of 3rd period - Slapshot by Phillip Danault.
16:50 of 3rd period - Goal by Phillip Danault - Reign : 9 - Admirals : 2.
16:51 of 3rd period - Markus Granlund wins face-off versus Alex Iafallo in neutral zone.
17:25 of 3rd period - Snap shot by Anton Gustafsson.
17:25 of 3rd period - Stopped by Carter Hart with a rebound.
17:27 of 3rd period - Wrist shot by Anton Gustafsson.
17:27 of 3rd period - Stopped by Carter Hart with a rebound.
17:39 of 3rd period - Slapshot by Christopher Tanev.
17:39 of 3rd period - Stopped by Tristan Jarry without a rebound.
17:40 of 3rd period - Rourke Chartier wins face-off versus Lucas Wallmark in Admirals zone.
17:43 of 3rd period - Snap shot by Matthew Tkachuk.
17:43 of 3rd period - Stopped by Tristan Jarry without a rebound.
17:44 of 3rd period - Alex Iafallo wins face-off versus Markus Granlund in Admirals zone.
18:16 of 3rd period - Markus Nutivaara is hit by Anton Gustafsson and loses puck.
19:01 of 3rd period - Rourke Chartier is hit by Nicolas Deslauriers and loses puck.
19:47 of 3rd period - Off-side.
19:48 of 3rd period - Markus Granlund wins face-off versus Joel Eriksson Ek in neutral zone.
19:51 of 3rd period - Slapshot by Travis Dermott.
19:51 of 3rd period - Shot Misses the Net.
19:57 of 3rd period - Snap shot by Nicolas Kerdiles.
19:57 of 3rd period - Stopped by Carter Hart with a rebound.
19:59 of 3rd period - Slapshot by T.J Brodie.
19:59 of 3rd period - Shot Misses the Net.
Goals for this period are 4 for Reign vs 0 for Admirals.
Shots for this period are 13 for Reign vs 17 for Admirals.